 Dungeon Crawl Stone Soup version 0.22-a0-879-g615c57abe7 (webtiles) character file.

4506 GordonOverkill the Cleaver (level 10, -2/65 HPs)
             Began as a Gargoyle Berserker on July 30, 2018.
             Was a Priest of Trog.
             Slain by a starcursed mass (8 damage)
             ... on level 1 of the Abyss.
             The game lasted 00:19:08 (8439 turns).

GordonOverkill the Cleaver (Gargoyle Berserker)     Turns: 8439, Time: 00:19:09

Health: -2/65      AC: 23    Str: 23    XL:     10   Next: 39%
Magic:  12/12      EV:  7    Int:  9    God:    Trog [***...]
Gold:   373        SH:  0    Dex:  9    Spells: 9/9 levels left

rFire    . . .     SeeInvis .   p - +3 war axe (curse)
rCold    . . .     Gourm    .   (no shield)
rNeg     + . .     Faith    .   d - +0 plate armour
rPois    ∞         Spirit   .   s - +1 hat
rElec    +         Reflect  .   (no cloak)
rCorr    .         Harm     .   a - +2 pair of gloves
MR       .....                  y - +0 pair of boots
Stlth    ..........             (no amulet)
HPRegen  0.20/turn              (no ring)
MPRegen  0.13/turn              (no ring)

@: about to teleport
A: negative energy resistance 1, electricity resistance, unbreathing,
petrification resistance, rot immunity, AC +7
a: Berserk, Trog's Hand, Renounce Religion


You were on level 1 of the Abyss.
You worshipped Trog.
Trog was most pleased with you.
You were near starving.

You visited 1 branch of the dungeon, and saw 9 of its levels.
You visited the Abyss 1 time.
You also visited: Sewer.

You collected 548 gold pieces.
You spent 175 gold pieces at shops.

Inventory:

Hand Weapons
 p - a cursed +3 war axe (weapon)
Missiles
 w - a throwing net (quivered)
Armour
 a - a +2 pair of gloves (worn)
 d - a +0 plate armour (worn)
 f - a +0 large shield
 s - a +1 hat (worn)
 y - a +0 pair of boots (worn)
Jewellery
 b - an uncursed ring of fire
 G - an uncursed ring of ice
Wands
 l - a wand of digging (27)
Scrolls
 j - 4 scrolls of fog
 q - 2 scrolls of teleportation
 u - 7 scrolls of remove curse
 B - a scroll of blinking {unknown}
 C - a scroll of immolation {unknown}
 D - 4 scrolls of magic mapping
 F - a scroll of summoning {unknown}
Potions
 e - 4 potions of flight
 g - 2 potions of brilliance
 h - 2 potions of lignification
 i - a potion of agility
 k - 9 potions of curing
 m - a potion of degeneration {unknown}
 o - a potion of invisibility {unknown}
 v - 2 potions of mutation {unknown}
 x - 2 potions of haste
 A - a potion of cancellation {unknown}
Comestibles
 c - 15 rations


   Skills:
 - Level 8.6 Fighting
 + Level 11.4 Axes
 - Level 3.0 Armour
 - Level 2.0 Dodging
 - Level 3.0 Evocations


You had 9 spell levels left.
You didn't know any spells.
Your spell library was empty.

Dungeon Overview and Level Annotations

Branches:
Dungeon (9/15)             Temple (0/1) D:5             Orc (0/2) D:9
   Lair: D:8-11

Altars:
Trog
Yredelemnul

Shops:
D:4 (%}(*   D:5 *!%[=   D:8 [

Annotations:
D:9 Psyche


Innate Abilities, Weirdness & Mutations

You are resistant to torment.
Your stone body is resilient. (AC +7)
You are immune to poison.
You resist negative energy. (rN+)
You are resistant to electric shocks. (rElec)
You can survive without breathing.
You are immune to petrification.
You are immune to rotting.


Message History

The starcursed mass completely resists.
The bolt of poison hits you! You resist.
The naga warrior's grasp on you weakens, but your attempt to escape fails.
The starcursed mass barely misses you.
The naga warrior hits you but does no damage.
* * * LOW HITPOINT WARNING * * *
The naga warrior constricts you. The starcursed mass engulfs you.
* * * LOW HITPOINT WARNING * * *
A starcursed mass splits.
Unknown command.
Unknown command.
Okay, then.
You escape the naga warrior's grasp.
The guardian serpent coils itself and performs some mystic snake dance.
The starcursed mass blinks! x3
A deafening chorus of shrieks assaults your mind!
* * * LOW HITPOINT WARNING * * *
A starcursed mass splits.
The starcursed mass barely misses you. The starcursed mass engulfs you!
You die...

.∩.. ....#. .
.. #.#
#.#.### #.#
.##.....#. .
.
#..........##
# #
##.###.§#.#
###.#X#X .
###XS§##. # .
# .#X#XN#.
### #X@X##.#
##X#####.. #
###.. . ##


You could see 7 starcursed masses, a naga warrior and a guardian serpent.

Vanquished Creatures
  A two-headed ogre (D:8)
  An orc warrior (D:8)
  2 phantoms
  2 ice beasts
  2 sky beasts (D:8)
  4 ogres
  A crocodile (D:7)
  4 centaurs
  2 big kobolds
  3 bullfrogs
  3 scorpions
  5 wights (D:8)
  3 howler monkeys
  5 crimson imps
  A centaur zombie (D:6)
  A hound (D:7)
  3 jellies
  6 orc priests
  2 centaur skeletons
  A bullfrog skeleton (D:4)
  2 iguanas (D:6)
  3 orc wizards (D:8)
  6 worker ants
  A hound skeleton (D:5)
  4 gnolls (D:6)
  10 adders
  A howler monkey skeleton (D:7)
  2 river rats (Sewer)
  A shadow imp (D:6)
  2 adder skeletons
  4 worms
  3 dart slugs
  8 leopard geckos
  25 orcs
  7 bats
  4 giant cockroaches
  8 goblins
  5 hobgoblins
  8 jackals
  14 kobolds
  4 quokkas
  A ball python (D:5)
  9 frilled lizards
  12 rats
196 creatures vanquished.

Vanquished Creatures (collateral kills)
  A quicksilver dragon skeleton (Abyss:1)
1 creature vanquished.

Grand Total: 197 creatures vanquished

Notes
Turn   | Place    | Note
-------+----------+-------------------------------------------
     0 | D:1      | GordonOverkill the Gargoyle Berserker began the quest for the Orb.
     0 | D:1      | Reached XP level 1. HP: 14/14 MP: 1/1
   174 | D:1      | Reached XP level 2. HP: 19/19 MP: 2/2
   910 | D:2      | Reached skill level 3 in Axes
   951 | D:2      | Reached XP level 3. HP: 23/23 MP: 3/3
  1115 | D:2      | Reached ** piety under Trog
  1116 | D:2      | Reached XP level 4. HP: 29/29 MP: 4/4
  1412 | D:2      | Found a basalt altar of Yredelemnul.
  1853 | D:2      | Reached XP level 5. HP: 34/34 MP: 5/5
  2108 | D:3      | Noticed a centaur
  2121 | D:3      | Killed a centaur
  2121 | D:3      | Reached skill level 4 in Axes
  2266 | D:3      | Reached skill level 5 in Fighting
  3085 | D:3      | Reached XP level 6. HP: 39/40 MP: 6/6
  3176 | D:4      | Found Geakhleo's Antique Weapon Boutique.
  3215 | D:4      | Reached skill level 1 in Evocations
  3337 | D:4      | Found Afoteetu's Assorted Antiques.
  3377 | D:4      | Reached skill level 5 in Axes
  3405 | D:4      | Found Vago's Gadget Shop.
  3439 | D:4      | Noticed a phantom
  3441 | D:4      | Found a glowing drain.
  3465 | Sewer    | Entered a sewer
  3718 | Sewer    | Reached XP level 7. HP: 41/44 MP: 8/8
  3763 | Sewer    | Found a white marble altar of Elyvilon.
  3947 | D:4      | Reached skill level 6 in Axes
  3985 | D:4      | Found Zukkaisoss's Antique Weapon Emporium.
  4044 | D:4      | Noticed a moth of wrath
  4047 | D:4      | Found a bloodstained altar of Trog.
  4176 | D:4      | Found Harphiff's Food Shop.
  4291 | D:5      | Entered Level 5 of the Dungeon
  4355 | D:5      | Reached *** piety under Trog
  4380 | D:5      | Found a staircase to the Ecumenical Temple.
  4463 | D:5      | Reached XP level 8. HP: 42/49 MP: 10/10
  4592 | D:5      | Found Pifidian's Food Shop.
  4792 | D:5      | Found Afaf's General Store.
  4797 | D:5      | Bought a potion of curing for 45 gold pieces
  4881 | D:5      | Found Biadd's Jewellery Shoppe.
  5017 | D:5      | Found Asing's Distillery.
  5029 | D:5      | Reached skill level 7 in Axes
  5206 | D:5      | Bought a potion of haste for 130 gold pieces
  5229 | D:5      | Found Xaofed's Antique Armour Boutique.
  5817 | D:6      | Reached skill level 8 in Axes
  6378 | D:7      | Reached XP level 9. HP: 56/56 MP: 11/11
  6671 | D:7      | Reached **** piety under Trog
  6713 | D:7      | Reached skill level 9 in Axes
  7316 | D:8      | Noticed a two-headed ogre
  7322 | D:8      | Killed a two-headed ogre
  7408 | D:8      | Found Susei's Antique Armour Boutique.
  7606 | D:8      | Reached skill level 10 in Axes
  7768 | D:8      | Reached XP level 10. HP: 65/65 MP: 12/12
  8145 | D:9      | Found a basalt altar of Yredelemnul.
  8245 | D:9      | Found a staircase to the Orcish Mines.
  8249 | D:9      | Reached skill level 11 in Axes
  8310 | D:9      | Noticed Psyche
  8317 | D:9      | Cast into level 1 of the Abyss (Psyche)
  8424 | Abyss:1  | Noticed a starcursed mass
  8424 | Abyss:1  | Noticed a guardian serpent
  8426 | Abyss:1  | Noticed a naga warrior
  8439 | Abyss:1  | Slain by a starcursed mass

Vault maps used:
D:1:      dpeg_arrival_simpleton_a
D:2:      overflow_temple_1_default, minmay_lizard_pond
D:3:      hangedman_decor_clover_reticule
D:4:      portal_sewer_entry_f, serial_shops, shop, shop, shop,
          nicolae_shop_stone, nicolae_shop_temple_entry_statues_fountains,
          first_ration, tgw_trog
D:5:      minmay_temple_entry_trees, serial_shops, shop, shop, shop,
          kennysheep_mini, shop, hangedman_abyss_or_decor_passed
D:6:      kennysheep_small_circle
D:7:      serial_glass, glass_columns_a, glass_columns_c
D:8:      serial_shops, kennysheep_little_box, grunt_ogre_cave
D:9:      orc_0_dummy, yredelemnul_altar_generic, uniq_joseph, uniq_erica,
          uniq_psyche
Abyss:1:  small_statue_intersection
Sewer:    sewer_kobolds

Skill      XL: |  1  2  3  4  5  6  7  8  9 10 |
---------------+-------------------------------+-----
Axes           | 3 4 5 6 8 10 11 | 11.4
Dodging        | 2 |  2.0
Armour         | 3 |  3.0
Fighting       | 4 5 6 8 |  8.6
Evocations     | 2 3 |  3.0

Action                   |  1- 3 |  4- 6 |  7- 9 | 10-12 || total
-------------------------+-------+-------+-------+-------++-------
Melee: Hand axe          |   108 |   142 |       |       ||   250
       War axe           |       |    99 |   366 |    56 ||   521
Invok: Berserk           |     2 |     2 |     8 |     2 ||    14
       Trog's Hand       |       |       |     1 |     1 ||     2
       Brothers in Arms  |       |       |       |     2 ||     2
  Use: Scroll            |       |     6 |     5 |     3 ||    14
       Potion            |       |       |       |     1 ||     1
  Eat: Chunk             |     3 |    10 |    15 |     3 ||    31
       Ration            |       |       |     2 |       ||     2
Armor: Scale mail        |    59 |    63 |       |       ||   122
       Animal skin       |     1 |       |       |       ||     1
       Chain mail        |       |   102 |   214 |       ||   316
       Plate armour      |       |       |    44 |    57 ||   101
Dodge: Dodged            |    75 |   119 |   181 |    16 ||   391

Table legend:
 A = Spawn XP
 B = Non-spawn XP
 C = Spawn XP percentage of total XP
 D = Spawn monster count
 E = Non-spawn monster count
 F = Spawn count percentage of total count
 G = Total turns spent on level
                    A         B        C        D         E        F      G
               +---------+---------+-------+---------+---------+-------+---------
         Total |     743 |    5695 |  11.5 |       1 |     196 |   0.5 |  8439
               +---------+---------+-------+---------+---------+-------+---------
           D:1 |       0 |      27 |   0.0 |       0 |      14 |   0.0 |   814
           D:2 |       0 |     140 |   0.0 |       0 |      31 |   0.0 |  1278
           D:3 |       0 |     152 |   0.0 |       0 |      16 |   0.0 |  1069
           D:4 |       0 |     581 |   0.0 |       0 |      30 |   0.0 |   788
           D:5 |       0 |     384 |   0.0 |       0 |      14 |   0.0 |  1177
           D:6 |       0 |     900 |   0.0 |       0 |      31 |   0.0 |   903
           D:7 |       0 |     850 |   0.0 |       0 |      18 |   0.0 |  1010
           D:8 |       0 |    2163 |   0.0 |       0 |      24 |   0.0 |   762
           D:9 |       0 |     369 |   0.0 |       0 |       6 |   0.0 |   174
       Abyss:1 |     743 |       0 | 100.0 |       1 |       0 | 100.0 |   122
         Sewer |       0 |     129 |   0.0 |       0 |      12 |   0.0 |   342
               +---------+---------+-------+---------+---------+-------+---------
